Map: Coda LE (Void)

Players

RockyCoRe

  • Race: Terran Terran

Cereal - Winner!

  • Race: Zerg Zerg

VOD

Have the link to the VOD?

Description

Time

  • Played on: May 2, 2015, 12:37 p.m.
  • Length: 10:43
Show
View Real Time Build Order
Export as new Build Order

RockyCoRe Terran 

Build Orders:  

Get SALT Encoding   

  12  0:02  SCV  
  13  0:15  SCV  
  13  0:18  Supply Depot  
  14  0:25  Refinery  
  14  0:29  SCV  
  15  0:41  SCV  
  16  0:53  SCV  
  16  0:55  Barracks  
  17  1:09  SCV  
  18  1:22  SCV  
  18  1:23  Refinery  
  19  1:36  SCV  
  20  1:50  Factory  
  20  1:52  Barracks Reactor  
  20  1:53  Orbital Command  
  20  1:59  Bunker  
  20  2:04  Supply Depot  
  20  2:20  SCV  
  21  2:32  SCV  
  21  2:36  Marine x2  
  21  2:37  Factory Tech Lab  
  24  2:39  Supply Depot  
  24  2:44  SCV  
  25  2:56  SCV  
  26  3:03  Cyclone  
  29  3:10  Armory  
  29  3:11  SCV, Marine x2  
  32  3:23  SCV  
  33  3:35  SCV  
  33  3:39  Cyclone  
  37  3:48  SCV  
  38  3:54  Command Center  
  38  4:00  SCV  
  39  4:10  Supply Depot  
  39  4:32  Starport, Marine x2  
  39  4:34  Siege Tank  
  39  4:36  SCV  
  45  4:39  Supply Depot  
  45  4:48  SCV  
  45  4:49  Marine  
  45  4:50  Marine  
  47  5:07  Marine x2  
  47  5:13  SCV  
  50  5:14  Siege Tank  
  53  5:25  SCV  
  50  5:39  Marine x2  
  50  5:42  Medivac  
  54  5:46  Fusion Core  
  54  5:48  Orbital Command  
  54  5:56  Marine  
  54  5:57  Marine  
  43  6:07  Siege Tank  
  45  6:14  Factory  
  42  6:23  Bunker x2  
  42  6:24  Marine x2  
  40  6:40  SCV  
  40  6:42  Marine x2  
  40  6:43  SCV  
  44  6:52  SCV  
  44  6:54  Siege Tank, Medivac  
  48  6:55  SCV  
  48  6:56  Unknown  
  51  7:04  SCV  
  51  7:05  Refinery  
  51  7:08  SCV  
  53  7:12  Factory Tech Lab, Marine x2  
  55  7:16  SCV, Supply Depot  
  55  7:19  Armory, Terran Vehicle and Ship Weapons Level 1  
  55  7:20  SCV  
  57  7:25  Supply Depot  
  57  7:26  Supply Depot  
  57  7:28  SCV  
  58  7:32  SCV  
  59  7:40  SCV  
  60  7:44  SCV  
  60  7:49  Marine  
  60  7:50  Supply Depot, Siege Tank, Marine  
  66  7:52  SCV  
  66  7:56  SCV  
  68  8:03  Refinery  
  68  8:05  SCV, Siege Tank  
  72  8:08  SCV  
  73  8:14  Command Center  
  73  8:17  SCV  
  73  8:18  Marine x2  
  75  8:22  Cyclone  
  72  8:35  SCV  
  73  8:53  Marine  
  73  8:54  Marine  
  73  8:58  Factory Tech Lab  
  73  9:09  SCV x2  
  75  9:20  Barracks  
  75  9:22  Barracks  
  75  9:29  SCV  
  75  9:30  SCV  
  77  9:33  Siege Tank x2, Starport Reactor  
  77  9:35  Command Center  
  83  9:42  Marine x2  
  83  9:44  Bunker  
  85  9:50  SCV x2  
  87  9:52  Factory  
  87  9:54  Missile Turret  
  87  10:00  Missile Turret  
  87  10:02  SCV x2  
  87  10:03  Missile Turret  
  74  10:15  Missile Turret  
  74  10:25  Barracks Reactor  
  74  10:28  Barracks Reactor  
  80  10:34  Missile Turret  
  80  10:37  Factory Reactor, Missile Turret  
Show
View Real Time Build Order
Export as new Build Order

Cereal Zerg - Winner!

Build Orders: 3 Hatch before Pool 

Get SALT Encoding   

  12  0:27  Hatchery  
  11  0:32  Drone  
  12  0:36  Drone  
  12  0:41  Drone  
  14  1:07  Hatchery  
  13  1:12  Drone  
  13  1:16  Extractor  
  13  1:18  Drone  
  14  1:38  Spawning Pool  
  13  1:41  Drone  
  13  1:44  Drone  
  15  1:50  Drone  
  16  1:56  Drone  
  18  2:01  Drone  
  18  2:06  Drone  
  19  2:10  Drone  
  20  2:24  Metabolic Boost  
  20  2:26  Queen  
  22  2:33  Drone  
  22  2:34  Drone  
  24  2:38  Overlord  
  24  2:54  Drone x2  
  24  2:55  Overlord  
  26  2:59  Drone  
  26  3:00  Drone x2  
  26  3:03  Drone  
  26  3:04  Drone  
  31  3:11  Queen  
  33  3:16  Drone x2  
  33  3:19  Drone  
  36  3:21  Drone  
  36  3:23  Drone  
  36  3:25  Drone  
  39  3:30  Overlord  
  39  3:33  Overlord  
  39  3:49  Queen  
  39  3:50  Queen  
  39  3:51  Overlord  
  43  3:57  Drone x6  
  49  4:06  Drone  
  49  4:07  Drone, Extractor  
  49  4:09  Overlord  
  50  4:12  Drone  
  50  4:13  Drone  
  50  4:15  Drone x2  
  54  4:24  Evolution Chamber  
  53  4:26  Evolution Chamber  
  53  4:30  Drone  
  53  4:31  Drone x8  
  61  4:38  Overlord x2  
  61  4:43  Zergling x2  
  62  4:52  Zerg Ground Armor Level 1, Zerg Melee Weapons Level 1  
  60  4:53  Overlord x3  
  60  4:57  Zergling x6  
  60  4:58  Zergling x2  
  62  5:00  Zergling x4  
  62  5:07  Zergling x10  
  63  5:12  Lair  
  64  5:21  Zergling x2  
  64  5:22  Zergling x10  
  64  5:28  Zergling x2  
  64  5:29  Zergling x2  
  64  5:30  Queen  
  64  5:35  Queen  
  66  5:39  Zergling x6  
  67  5:43  Drone  
  62  5:52  Zergling x4  
  62  5:54  Zergling x2  
  63  6:00  Zergling x2  
  63  6:06  Zergling x4  
  63  6:09  Hatchery  
  64  6:15  Drone  
  64  6:16  Drone, Extractor  
  64  6:17  Extractor  
  64  6:18  Spire  
  63  6:23  Drone x3  
  63  6:25  Queen  
  66  6:30  Zergling x2  
  65  6:37  Drone x3  
  65  6:38  Drone  
  65  6:39  Drone x3  
  67  6:48  Zergling x10  
  67  6:49  Zerg Ground Armor Level 2, Zerg Melee Weapons Level 2  
  67  6:52  Hatchery  
  72  6:54  Drone  
  72  6:56  Drone, Extractor x2  
  72  7:00  Drone  
  72  7:01  Drone  
  73  7:06  Drone  
  74  7:09  Overseer  
  74  7:10  Pneumatized Carapace  
  74  7:11  Drone x3  
  74  7:12  Drone x3  
  80  7:21  Drone x4  
  84  7:31  Mutalisk x4  
  92  7:38  Drone x7  
  99  7:47  Mutalisk  
  99  7:48  Mutalisk  
  102  7:51  Drone  
  102  7:53  Overlord x6, Extractor  
  102  7:54  Overlord  
  102  8:00  Zerg Flyer Weapons Level 1, Infestation Pit  
  102  8:01  Drone x2  
  103  8:07  Mutalisk, Extractor  
  104  8:16  Mutalisk x2  
  104  8:18  Drone x6  
  114  8:38  Zergling x20  
  114  8:39  Zergling x18  
  133  9:01  Hive  
  133  9:09  Mutalisk x5  
  133  9:10  Mutalisk x4  
  133  9:16  Zergling x10  
  156  9:22  Hatchery  
  155  9:25  Hatchery  
  155  9:28  Mutalisk x4  
  155  9:30  Overlord x2  
  155  9:31  Overlord  
  162  9:43  Mutalisk x2  
  162  9:45  Overlord x5  
  166  9:51  Overseer  
  163  10:36  Ultralisk Cavern  
Tags
 
Add a new tag
Caveats
  • Supply blocks, unpowered buildings, or Contaminate may cause inaccurate times.
  • Supply counts are checked every 10 seconds.